 Dungeon Crawl Stone Soup version 0.28-a0-793-g31680bbd8b (webtiles) character file.

Game seed: 490344135214258249

15635 siradein the Fighter (level 12, 0/124 HPs)
             Began as a White Draconian Berserker on Nov 4, 2021.
             Was a High Priest of Trog.
             Slain by a cane toad (7 damage)
             ... while petrified by a basilisk
             ... on level 2 of the Lair of Beasts.
             The game lasted 01:03:58 (17543 turns).

siradein the Fighter (White Draconian Berserker)   Turns: 17543, Time: 01:03:59

Health: 0/124      AC: 10    Str: 21    XL:     12   Next: 3%
Magic:  12/12      EV:  2    Int: 11    God:    Trog [*****.]
Gold:   554        SH:  0    Dex: 16    Spells: 11/11 levels left

rFire   . . .      SeeInvis +   L - +2 flail "Globulus" {venom, Int+3 Dex+2 SInv Stlth-}
rCold   + . .      Faith    +   (no shield)
rNeg    + + +      Spirit   .   (armour unavailable)
rPois   ∞          Reflect  .   (helmet restricted)
rElec   .          Harm     .   (no cloak)
rCorr   .          Rampage  .   h - +1 pair of gloves
Will    .....      Clarity  +   (no boots)
Stlth   ..........              C - amulet of faith
HPRegen 0.30/turn               b - ring of see invisible
MPRegen 0.13/turn               (no ring)

@: lethally poisoned (0 -> 0), short of breath, petrified
A: breathe frost, AC +8, unfitting armour, cold resistance 1, cold-blooded,
clarity, robust 1
a: Breathe Frost, Renounce Religion, Berserk, Trog's Hand, Brothers in Arms


You were on level 2 of the Lair of Beasts.
You worshipped Trog.
Trog was extremely pleased with you.
You visited 2 branches of the dungeon, and saw 13 of its levels.
You also visited: Sewer and Bailey.

You collected 632 gold pieces.
You spent 78 gold pieces at shops.

Inventory:

Hand Weapons
 G - a +2 glaive of flaming
 J - a +3 vorpal broad axe
 L - the +2 flail "Globulus" (weapon) {venom, Int+3 Dex+2 SInv Stlth-}
   (You found it on level 1 of the Lair of Beasts)

   It poisons the flesh of those it strikes.
   Int:       It affects your intelligence (+3).
   Dex:       It affects your dexterity (+2).
   SInv:      It lets you see invisible.
   Stlth:     It makes you less stealthy.
Missiles
 a - 9 javelins
 d - 77 poisoned darts
 p - 2 throwing nets
Armour
 h - a +1 pair of gloves (worn)
Jewellery
 b - a ring of see invisible (left hand)
 C - an amulet of faith (around neck)
 K - an amulet of the acrobat
Wands
 q - a wand of iceblast (27)
 x - a wand of charming (14)
 A - a wand of paralysis (9)
 B - a wand of mindburst (8)
 E - a wand of flame (38)
Scrolls
 i - 3 scrolls of enchant weapon
 m - 3 scrolls of fog
 u - a scroll of acquirement
 y - a scroll of summoning
 D - 2 scrolls of fear
 F - a scroll of teleportation
 I - a scroll of identify
 M - a scroll of enchant armour
 N - a scroll of amnesia {unknown}
 O - a scroll of magic mapping {unknown}
Potions
 c - 3 potions of mutation
 e - 5 potions of curing
 f - a potion of lignification
 g - 6 potions of might
 j - 2 potions of resistance
 k - 5 potions of heal wounds
 l - a potion of cancellation
 n - 3 potions of magic
 o - a potion of ambrosia {unknown}
 r - a potion of haste
 s - a potion of berserk rage {unknown}
 t - 4 potions of invisibility {unknown}
 v - 2 potions of flight {unknown}
 w - a potion of experience
 z - a potion of brilliance {unknown}
 H - 2 potions of attraction {unknown}


   Skills:
 + Level 12.8 Fighting
 + Level 11.9 Axes
 + Level 10.9 Dodging


You had 11 spell levels left.
You didn't know any spells.
Your spell library was empty.

Dungeon Overview and Level Annotations

Branches:
Dungeon (11/15)            Temple (0/1) D:7            Lair (2/6) D:11
    Orc (0/2) D:9           Sewer (visited)          Bailey (visited)
  Swamp: Lair:2-4    Shoals: Lair:2-4     Snake: Lair:2-4    Spider: Lair:2-4

Altars:
Cheibriados
Fedhas
Okawaru
Trog
Uskayaw
Xom
Zin

Shops:
D:3 [   D:8 :?:

Portals:
Abyss: D:5

Annotations:
D:5 2 transporters, KoroneIsBestGirl's ghost, novice OpFi
D:7 exclusion: oklob sapling
D:8 2 transporters


Innate Abilities, Weirdness & Mutations

You can breathe waves of freezing cold which knock back foes.
Your icy white scales are hard. (AC +8)
You cannot fit into any form of body armour.
Your flesh is cold resistant. (rC+)
You are cold-blooded and may be slowed by cold attacks.
You possess an exceptional clarity of mind.
You are robust. (+10% HP)


Message History

The adder bites you but does no damage. x2; The cane toad stings you!!
* * * LOW HITPOINT WARNING * * *
The adder bites you.
* * * LOW HITPOINT WARNING * * *
The wolf spider hits you but does no damage.
The wolf spider barely misses you.
The adder bites you but does no damage. x2
The basilisk gazes at you. You resist with some effort.
The cane toad stings you but does no damage.
The wolf spider hits you.
* * * LOW HITPOINT WARNING * * *
The wolf spider bites you.
* * * LOW HITPOINT WARNING * * *
The adder bites you but does no damage.
You kill the wolf spider!
Trog accepts your kill. The adder bites you.
* * * LOW HITPOINT WARNING * * *
The adder bites you but does no damage. The cane toad stings you!
* * * LOW HITPOINT WARNING * * *
The adder completely misses you.
The basilisk bites you but does no damage.
The adder bites you but does no damage.
You have reached level 12!
Your experience leads to an increase in your attributes!
Your base attributes are Str 20, Int 7, Dex 14.
Increase (S)trength, (I)ntelligence, or (D)exterity?
You feel stronger.
You feel clever.
Your scales feel tougher.
The adder bites you but does no damage. x2; The cane toad stings you!
* * * LOW HITPOINT WARNING * * *
The basilisk gazes at you.
The adder bites you but does no damage. x2
The adder bites you.
* * * LOW HITPOINT WARNING * * *
The cane toad stings you but does no damage.
The adder barely misses you. The adder bites you. The basilisk bites you!
* * * LOW HITPOINT WARNING * * *
The adder bites you. The cane toad stings you!
You die...

#....................
#..........#(......#.
#....................
#######....#.......## ##
##.P........>....
###.###P.....#.......#.
##.PPP..................
#PPP..FS......#.#.#.#.#.
P...†..@S...†.........#.
....PPS.l†P.............
$.....PPP...............
[......PP...............
......PPP...............
P)...PP...P..........<..
P..P.PP...P.............
P.P.....................
......##....#


You could see a cane toad, a basilisk and 3 adders.

Vanquished Creatures
  Josephine (D:10)
  2 hydras
  A two-headed ogre (D:10)
  An orc knight (Bailey)
  A wolf spider (Lair:2)
  A cane toad (Lair:1)
  A gargoyle (D:11)
  A rime drake (Lair:1)
  A troll (D:10)
  A hornet (D:8)
  4 wraiths
  2 vampires
  16 yaks
  A basilisk (Lair:1)
  Eustachio (D:4)
  2 steam dragons
  Edmund (D:4)
  2 acid dragons
  Duvessa (D:6)
  3 water moccasins
  A hornet zombie (D:7)
  2 ice beasts (D:6)
  5 orc warriors
  2 black bears
  2 necrophages
  A boggart (D:10)
  3 ogres
  11 centaurs
  5 wolves (Lair:1)
  A phantom (D:4)
  2 kobold brigands
  5 bullfrogs
  A gnoll sergeant (D:11)
  A wyvern zombie (D:7)
  Dowan (D:6)
  A water moccasin zombie (D:6)
  A scorpion (D:5)
  4 killer bees (D:9)
  20 wights
  An electric eel (Lair:1)
  4 howler monkeys
  8 centaur zombies
  A jelly (D:5)
  4 orc priests
  A hound (D:5)
  2 bullfrog skeletons (D:6)
  3 centaur skeletons
  6 orc wizards
  3 iguanas
  A killer bee zombie (D:7)
  Robin (D:4)
  21 gnolls
  22 adders
  2 white imps
  2 ufetubi
  An adder zombie (D:5)
  3 worms
  3 dart slugs
  21 orcs
  7 bats
  8 endoplasms
  3 giant cockroaches
  21 goblins
  18 hobgoblins
  37 kobolds
  5 ball pythons
  2 frilled lizards
  13 rats
337 creatures vanquished.

Vanquished Creatures (others)
  13 fungi
  42 plants
55 creatures vanquished.

Grand Total: 392 creatures vanquished

Notes
Turn   | Place    | Note
-------+----------+-------------------------------------------
     0 | D:1      | siradein the Draconian Berserker began the quest for the
                  | Orb.
     0 | D:1      | Reached XP level 1. HP: 19/19 MP: 1/1
   166 | D:1      | Reached XP level 2. HP: 21/26 MP: 2/2
   812 | D:2      | Reached skill level 4 in Fighting
   812 | D:2      | Reached XP level 3. HP: 22/33 MP: 3/3
   976 | D:2      | Reached XP level 4. HP: 36/40 MP: 4/4
  1289 | D:2      | Found a faded altar of an unknown god.
  1320 | D:2      | Found an iron altar of Okawaru.
  1342 | D:2      | Reached ** piety under Trog
  2413 | D:2      | Reached XP level 5. HP: 15/47 MP: 5/5
  3053 | D:3      | Found Isucsysch's Antique Armour Emporium.
  3794 | D:4      | Noticed Edmund
  3811 | D:4      | Killed Edmund
  3812 | D:4      | Reached skill level 5 in Fighting
  3812 | D:4      | Reached XP level 6. HP: 20/56 MP: 6/6
  4027 | D:4      | Noticed Robin
  4043 | D:4      | Killed Robin
  4154 | D:4      | Reached skill level 5 in Axes
  4170 | D:4      | Your scales start taking on an icy white colour.
  4170 | D:4      | Reached XP level 7. HP: 36/62 MP: 7/7
  4170 | D:4      | Gained mutation: Your flesh is cold resistant. (rC+) [White
                  | Draconian growth]
  4218 | D:4      | Found a glowing drain.
  4230 | Sewer    | Entered a sewer
  4414 | Sewer    | Reached *** piety under Trog
  4902 | D:4      | Reached skill level 6 in Fighting
  4902 | D:4      | Reached skill level 5 in Dodging
  5088 | D:4      | Noticed Eustachio
  5151 | D:4      | Killed Eustachio
  5152 | D:4      | Reached XP level 8. HP: 15/71 MP: 8/8
  5733 | D:4      | Gained mutation: Your spells are a little harder to cast,
                  | but a little more powerful. [potion of mutation]
  5734 | D:4      | Lost mutation: Your spells are a little harder to cast, but
                  | a little more powerful. [potion of mutation]
  5734 | D:4      | Gained mutation: You possess an exceptional clarity of
                  | mind. [potion of mutation]
  5734 | D:4      | Gained mutation: You are robust. (+10% HP) [potion of
                  | mutation]
  5778 | D:5      | Entered Level 5 of the Dungeon
  5986 | D:5      | Found a transporter.
  5999 | D:5      | Found a transporter.
  6164 | D:5      | Reached skill level 7 in Fighting
  6604 | D:5      | Found a shimmering altar of Xom.
  6661 | D:5      | Noticed KoroneIsBestGirl's ghost (novice OpFi)
  6670 | D:5      | Found a one-way gate to the infinite horrors of the Abyss.
  7015 | D:5      | Reached **** piety under Trog
  7396 | D:6      | Reached skill level 8 in Fighting
  7586 | D:6      | Reached XP level 9. HP: 83/90 MP: 9/9
  7757 | D:6      | Noticed Dowan
  7771 | D:6      | Noticed Duvessa
  7780 | D:6      | Killed Duvessa
  7783 | D:6      | Killed Dowan
  8387 | D:6      | Reached skill level 9 in Fighting
  8387 | D:6      | Found a snail-covered altar of Cheibriados.
  8778 | D:7      | Found a staircase to the Ecumenical Temple.
  9183 | D:7      | Found a hide-covered altar of Uskayaw.
  9185 | D:7      | Found a blossoming altar of Fedhas.
  9186 | D:7      | Found a glowing silver altar of Zin.
  9753 | D:8      | Found a transporter.
  9758 | D:8      | Found a bloodstained altar of Trog.
  9759 | D:8      | Found Hela's Book Shop.
  9812 | D:8      | Found Dogir's Book Shop.
  9815 | D:8      | Found Zydoh's Magic Scroll Boutique.
  9868 | D:8      | Reached XP level 10. HP: 59/101 MP: 10/10
 10184 | D:8      | Bought a scroll of identify for 26 gold pieces
 10184 | D:8      | Bought a scroll of identify for 26 gold pieces
 10184 | D:8      | Bought a scroll of identify for 26 gold pieces
 10295 | D:8      | Found a transporter.
 10315 | D:8      | Reached skill level 10 in Fighting
 10740 | D:8      | Identified a scroll of acquirement
 11588 | D:9      | Found a staircase to the Orcish Mines.
 11784 | D:10     | Entered Level 10 of the Dungeon
 11869 | D:10     | Noticed a two-headed ogre
 11884 | D:10     | Killed a two-headed ogre
 12179 | D:10     | Reached skill level 10 in Axes
 12233 | D:10     | Reached skill level 11 in Fighting
 12592 | D:10     | Noticed a five-headed hydra
 12845 | D:10     | Killed a five-headed hydra
 12846 | D:10     | Reached XP level 11. HP: 98/112 MP: 11/11
 13475 | D:10     | Reached ***** piety under Trog
 13571 | D:10     | Noticed Josephine
 13582 | D:10     | Killed Josephine
 13583 | D:10     | Reached skill level 10 in Dodging
 13627 | D:10     | HP: 4/171 [wraith[Josephine] (5)]
 14556 | D:11     | Reached skill level 12 in Fighting
 14584 | D:11     | Found a flagged portal.
 14787 | Bailey   | Entered a bailey
 14856 | Bailey   | Noticed an orc knight
 15008 | Bailey   | Killed an orc knight
 15560 | D:11     | Received a gift from Trog
 15686 | D:11     | Found a staircase to the Lair.
 16111 | Lair:1   | Entered Level 1 of the Lair of Beasts
 16469 | Lair:1   | Noticed a six-headed hydra
 16477 | Lair:1   | Killed a three-headed hydra
 16730 | Lair:1   | Identified the +2 flail "Globulus" {venom, Int+3 Dex+2 SInv
                  | Stlth-}
 17524 | Lair:2   | Noticed a wolf spider
 17540 | Lair:2   | Killed a wolf spider
 17541 | Lair:2   | Reached XP level 12. HP: 15/124 MP: 12/12
 17542 | Lair:2   | HP: 6/124 [basilisk (4)]
 17543 | Lair:2   | Slain by a cane toad

Illustrated notes

Levels and vault maps discovered:
D:1:      dpeg_arrival_erosion, layout_rooms, solitary_fountain,
          chequers_mini_garden, minivault_25
D:2:      layout_basic, hellmonk_ecumenical_altar_heavens_door, basic_altar
D:3:      layout_rooms, serial_shops, nicolae_shop_competitors_out_of_business,
          chequers_serial_rivers_small_a
D:4:      layout_basic, cheibrodos_sewer_entry_bend, uniq_eustachio,
          uniq_edmund, uniq_robin
D:5:      layout_basic, nicolae_overflow_crystal_walls,
          gammafunk_ghost_abyssal_escape, chequers_serial_rivers_room_b
D:6:      layout_basic, cheibriados_altar_1, uniq_duvessa
D:7:      layout_basic, grunt_temple_overflow_open, minmay_temple_entry_oklob
D:8:      gammafunk_cloud_chamber, layout_basic, bloody_trog,
          nicolae_wooded_promenade
D:9:      layout_cave_pools, orc_0_dummy
D:10:     kennysheep_blocky_room, layout_loops_ring, grunt_ministairs_14,
          uniq_josephine
D:11:     layout_gridville, dpeg_oklobed_lair, enter_bailey_5
Lair:1:   layout_gridlike, infiniplex_staircase_pool_2, lemuel_fruit_tree
Lair:2:   minmay_lair_venomous_thicket, layout_regular_city,
          minmay_shoals_entry_centaurs, nicolae_spider_entry_tight_spaces,
          st_stairs_4

Skill      XL: |  1  2  3  4  5  6  7  8  9 10 11 |
---------------+----------------------------------+-----
Dodging        | 3 4 5 6 8 9 10 | 10.9
Fighting       | 4 5 6 8 9 11 12 | 12.8
Axes           | 4 5 6 7 8 10 11 | 11.9

Action                   |  1- 3 |  4- 6 |  7- 9 | 10-12 || total
-------------------------+-------+-------+-------+-------++-------
Melee: Hand axe          |    64 |   190 |   396 |       ||   650
       Tailslap          |     5 |    39 |    83 |    65 ||   192
       War axe           |       |       |    64 |   304 ||   368
       Dire flail        |       |       |       |     3 ||     3
       Broad axe         |       |       |       |    72 ||    72
       Glaive            |       |       |       |    47 ||    47
       Flail             |       |       |       |     1 ||     1
Invok: Berserk           |       |     7 |     5 |    13 ||    25
       Trog's Hand       |       |       |       |     5 ||     5
 Abil: Breathe Frost     |       |       |    23 |    22 ||    45
  Use: Scroll            |       |     4 |     3 |     9 ||    16
       Potion            |       |       |     2 |       ||     2
 Stab: Distracted        |       |     1 |       |       ||     1
Armor: Skin              |    27 |    59 |   223 |   144 ||   453
Dodge: Dodged            |    51 |   142 |   386 |   522 ||  1101

Table legend: (Time is in decaauts)
 A = Elapsed time spent in this place.
 B = Non-inter-level travel time spent in this place.
 C = Inter-level travel time spent in this place.
 D = Time resting spent in this place.
 E = Time spent auto-exploring this place.
 F = Levels seen in this place.
 G = Mean time per level.
                   A        B        C        D        E       F      G
               +--------+--------+--------+--------+--------+-----+--------+
         Total |  17863 |  17405 |    458 |   2442 |  11617 |  15 | 1190.9 |
       Dungeon |  15289 |  14855 |    434 |   2442 |   9527 |  11 | 1389.9 |
          Lair |   1435 |   1411 |     24 |      0 |   1246 |   2 |  717.5 |
         Sewer |    564 |    564 |      0 |      0 |    437 |   1 |  564.0 |
        Bailey |    573 |    573 |      0 |      0 |    406 |   1 |  573.0 |
               +--------+--------+--------+--------+--------+-----+--------+

Top non-repeatable levels by time:
    D:10: 2647 daAuts
     D:2: 1953 daAuts
     D:4: 1565 daAuts
     D:8: 1545 daAuts
     D:5: 1497 daAuts
     D:6: 1407 daAuts
  Lair:1: 1283 daAuts
     D:3: 1124 daAuts
    D:11: 1055 daAuts
     D:7: 1026 daAuts
     D:9: 759 daAuts
     D:1: 706 daAuts
  Bailey: 573 daAuts
   Sewer: 564 daAuts
  Lair:2: 152 daAuts
